AoeStats
← Orange_Samo

Oasis

508209117Analyzed
4v4 RM · 12d ago on Sep 21, 2026· 68m 36s· 8 players
Game mode
Random Map
Map size
Large (8 player)
Population
200
Speed
Normal
Resources
Standard
Victory
Conquest
Starting age
Dark Age
Ending age
Imperial Age
RankedLock teamsTeams togetherTeam positionsShared explorationLock speedFull tech treeHidden civsTurbo modeCheats
Victory
Defeat
🇨🇳 Khmer · China
1015
+11
🇨🇳 Wu · China
981
+12
🇨🇳 Saracens · China
934
+14
🇹🇼 Italians · Taiwan
920
+16
🇭🇰 Tatars · Hong Kong SAR China
913
-14
🇩🇪 Hindustanis · Germany
912
-14
🇬🇧 Lithuanians · United Kingdom
906
-13
🇨🇭 Persians · Switzerland
862
-12
realpuledi
12:06 Feudal Age
15:53 Castle Age
13:58 Horse Collar
17:31 Forging
17:27 Scale Barding Armor
19:21 Loom
21:13 Husbandry
25:10 Wheelbarrow
24:25 Town Watch
24:32 Town Watch
26:37 Iron Casting
27:37 Heavy Plow
28:57 Bloodlines
31:47 Hand Cart
31:41 Gold Mining
31:39 Double-Bit Axe
33:53 Bow Saw
35:25 Scale Barding Armor
40:56 Imperial Age
38:30 Padded Archer Armor
38:20 Fletching
41:33 Caravan
43:56 Chain Barding Armor
43:01 Cavalier
44:25 Leather Archer Armor
44:13 Elite Skirmisher
44:58 Thumb Ring
45:38 Plate Barding Armor
46:21 Bodkin Arrow
46:57 Ring Archer Armor
47:36 Bracer
48:38 Chemistry
48:03 Paladin
50:24 Ballistics
55:48 Tower Shields
57:47 Conscription
Orange_Samo
5:10 Loom
10:49 Feudal Age
14:35 Bloodlines
16:27 Castle Age
16:56 Forging
19:25 Horse Collar
22:41 Husbandry
24:42 Heavy Plow
28:36 Double-Bit Axe
32:54 Imperial Age
31:16 Scale Barding Armor
35:20 Chemistry
34:41 Ballistics
35:02 Scale Mail Armor
37:37 Wheelbarrow
37:15 Bow Saw
39:14 Hand Cart
43:36 Gold Mining
43:37 Stone Mining
45:37 Two-Man Saw
45:55 Town Watch
46:58 Elite Ghulam
63:14 Grand Trunk Road
63:17 Shatagni
63:26 Shatagni
Bako
12:56 Feudal Age
14:16 Horse Collar
24:23 Castle Age
25:25 Double-Bit Axe
27:09 Gold Mining
27:10 Stone Mining
38:01 Imperial Age
36:23 Forging
36:14 Scale Mail Armor
36:43 Crossbowman
38:39 Conscription
39:33 Bow Saw
39:52 Husbandry
40:04 Bloodlines
40:02 Heavy Camel Rider
41:41 Kamandaran
44:52 Iron Casting
44:33 Chain Mail Armor
44:23 Scale Barding Armor
44:19 Padded Archer Armor
44:10 Fletching
48:30 Bodkin Arrow
58:12 Light Cavalry
65:12 Thumb Ring
不明步行下體
6:37 Loom
11:32 Feudal Age
11:42 Feudal Age
12:40 Horse Collar
18:57 Fletching
21:09 Padded Archer Armor
22:13 Double-Bit Axe
23:21 Gold Mining
26:41 Castle Age
27:30 Bodkin Arrow
30:56 Silk Armor
32:24 Heavy Plow
33:12 Leather Archer Armor
34:27 Scale Barding Armor
33:52 Elite Skirmisher
36:05 Bloodlines
35:55 Husbandry
37:31 Wheelbarrow
43:32 Imperial Age
41:23 Hand Cart
41:58 Ballistics
41:50 Masonry
41:20 Treadmill Crane
42:52 Bow Saw
43:34 Gold Shaft Mining
44:42 Heavy Cavalry Archer
45:44 Town Watch
46:43 Crop Rotation
48:02 Chemistry
47:33 Chain Barding Armor
48:31 Conscription
48:28 Timurid Siegecraft
49:10 Siege Engineers
56:07 Caravan
56:39 Coinage
56:19 Guilds
55:51 Heavy Camel Rider
57:34 Plate Barding Armor
57:09 Forging
57:00 Bracer
57:30 Ring Archer Armor
60:20 Murder Holes
64:45 Elite Keshik
65:43 Scale Mail Armor
66:18 Iron Casting
67:34 Light Cavalry
不動游星
9:38 Feudal Age
17:11 Castle Age
16:15 Double-Bit Axe
16:18 Horse Collar
21:25 Heavy Plow
30:35 Imperial Age
30:11 Silk Road
31:34 Wheelbarrow
31:40 Conscription
33:41 Fletching
33:51 Padded Archer Armor
34:03 Thumb Ring
34:20 Bow Saw
35:07 Hand Cart
37:04 Crop Rotation
37:38 Two-Man Saw
38:07 Elite Skirmisher
43:29 Leather Archer Armor
43:09 Bodkin Arrow
42:40 Elite Genoese Crossbowman
44:53 Bracer
45:23 Ring Archer Armor
49:43 Forging
49:35 Scale Mail Armor
49:40 Scale Barding Armor
54:21 Chemistry
53:41 Ballistics
63:04 Arson
63:19 Squires
64:11 Light Cavalry
64:51 Husbandry
ZHurald ZHurdrada
9:56 Loom
11:42 Feudal Age
13:30 Horse Collar
13:37 Double-Bit Axe
13:16 Man-at-Arms
13:42 Arson
15:31 Scale Mail Armor
15:41 Forging
25:51 Castle Age
26:10 Bloodlines
26:53 Husbandry
27:17 Scale Barding Armor
27:48 Iron Casting
29:21 Wheelbarrow
30:09 Chain Barding Armor
34:40 Imperial Age
32:30 Bow Saw
32:21 Heavy Plow
33:07 Hand Cart
34:16 Fervor
34:27 Sanctity
34:52 Squires
34:18 Pikeman
35:26 Chain Mail Armor
36:09 Guilds
37:09 Plate Barding Armor
37:35 Blast Furnace
36:36 Town Watch
39:33 Halberdier
41:06 Heavy Hei Guang Cavalry
42:49 Chemistry
42:09 Ballistics
41:42 Fletching
41:52 Padded Archer Armor
43:10 Plate Mail Armor
42:37 Bodkin Arrow
42:46 Padded Archer Armor
43:59 Treadmill Crane
44:15 Murder Holes
44:30 Masonry
44:32 Bracer
46:21 Conscription
48:13 Architecture
48:00 Leather Archer Armor
47:17 Light Cavalry
48:57 Gold Mining
48:57 Stone Mining
55:48 Hussar
59:18 Redemption
59:29 Caravan
60:44 Sitting Tiger
61:40 Illumination
60:50 Elite Fire Archer
64:53 Two-Man Saw
68:57 Coinage
Priedrich
12:40 Feudal Age
14:57 Double-Bit Axe
19:12 Wheelbarrow
21:44 Castle Age
20:04 Fletching
21:30 Padded Archer Armor
24:51 Bodkin Arrow
24:19 Crossbowman
26:06 Leather Archer Armor
26:00 Thumb Ring
35:27 Bloodlines
38:43 Scale Barding Armor
38:49 Forging
41:37 Horse Collar
44:05 Iron Casting
43:50 Chain Barding Armor
45:11 Bimaristan
46:14 Gold Mining
63:50 Bow Saw
66:38 Husbandry
卫宫切嗣
8:07 Loom
13:11 Feudal Age
15:51 Man-at-Arms
21:24 Horse Collar
32:21 Castle Age
34:05 Wheelbarrow
33:49 Pikeman
34:49 Stone Mining
35:34 Double-Bit Axe
52:45 Bow Saw
54:51 Bloodlines
57:42 Heavy Plow
59:20 Scale Barding Armor
59:26 Forging
66:50 Hand Cart
67:28 Iron Casting
68:17 Gold Mining
Connection lost

Rejoining the realm…

Still unreachable

The connection could not be restored.

Session expired

The server has moved on; the page needs a fresh start.